 Dungeon Crawl Stone Soup version 0.17-a0-2127-g1cb09f6 (webtiles) character file.

59 Maka the Insei (level 3, -1/28 HPs)
             Began as a Draconian Transmuter on Oct 22, 2015.
             Slain by Natasha (3 damage)
             ... on level 2 of the Dungeon.
             The game lasted 00:02:28 (1606 turns).

Maka the Insei (Draconian Transmuter)               Turns: 1606, Time: 00:02:28

Health: -1/28      AC:  5    Str: 12    XL:     3   Next: 78%
Magic:  6/6        EV: 12    Int: 13    God:
Gold:   36         SH:  0    Dex: 12    Spells: 2 memorised, 3 levels left

rFire  . . .     SeeInvis .       - Unarmed
rCold  . . .     Clarity  .     (armour unavailable)
rNeg   . . .     SustAt   .     (no shield)
rPois  .         Gourm    .     (helmet restricted)
rElec  .         Spirit   .     (no cloak)
rCorr  .         Warding  .     (no gloves)
rMut   .         Stasis   .     (no boots)
MR     .....                    (no amulet)
Stlth  +.........               (no ring)
                                (no ring)

@: appendage (expiring), not resistant to hostile enchantments, very unstealthy
A: unfitting armour, horns 2, cold-blooded, AC +5
a: End Transformation


You were on level 2 of the Dungeon.
You were hungry.
You had grown temporary horns.
You visited 1 branch of the dungeon, and saw 2 of its levels.

You collected 36 gold pieces.

Inventory:

Missiles
 a - 12 arrows
Scrolls
 d - a scroll of identify {unknown}
 l - a scroll of blinking {unknown}
 m - a scroll of magic mapping {unknown}
Potions
 e - a potion of cancellation {unknown}
 g - a potion of lignification {unknown}
 h - a potion of invisibility {unknown}
 i - 2 potions of curing {unknown}
 k - a potion of might {unknown}
Books
 b - a book of Changes

   Spells                             Type                      Level
   a - Beastly Appendage              Transmutation                1
   b - Sticks to Snakes               Transmutation                2
   c - Spider Form                    Transmutation/Poison         3
   d - Ice Form                       Ice/Transmutation            4
   e - Blade Hands                    Transmutation                5
Comestibles
 c - 2 bread rations
 f - a meat ration
 j - a slice of pizza


   Skills:
 - Level 1.1 Fighting
 - Level 1.7 Dodging
 + Level 4.8 Unarmed Combat
 - Level 2.0 Spellcasting
 - Level 2.0 Transmutations


You had 3 spell levels left.
You knew the following spells:

 Your Spells              Type           Power        Failure   Level  Hunger
a - Beastly Appendage     Trmt           #.....       12%         1    ##.....
b - Sticks to Snakes      Trmt           #.........   17%         2    ###....


Dungeon Overview and Level Annotations

Branches:
Dungeon (2/15)

Altars:

Annotations:
D:2 Natasha


Innate Abilities, Weirdness & Mutations

Your plain brown scales are hard (AC +5).
Your body does not fit into most forms of armour.
You are cold-blooded and may be slowed by cold attacks.
You have a pair of horns on your head.


Message History

You hit Natasha.
Natasha is heavily wounded.
The shadow imp closely misses you. Natasha barely misses you.
You closely miss Natasha.
Natasha is heavily wounded.
The shadow imp barely misses you. Natasha claws you.
You completely miss Natasha.
Natasha is heavily wounded.
The white imp gestures at you. The puff of frost misses you.
The puff of frost misses the shadow imp.
You hear a sizzling sound!
The shadow imp barely misses you. Natasha claws you!
* * * LOW HITPOINT WARNING * * *
You hit Natasha.
Natasha is almost dead.
The white imp misses you.
The shadow imp hits you but does no damage.
Natasha claws you.
You die...

.......#.......#.####
.....######.####...
##...# #.# ..##
##########.####..#
#....(.......## .
#.......####..###.#
#.........(<......#
#######.###.#..##.#
#.#[5@5.....#
#.#.#h##.#..# #.#.#..
# .# #.# #.## # #.#
### #?#


You could see Natasha, a white imp and a shadow imp.

Vanquished Creatures
  A gnoll (D:1)
  An adder (D:2)
  2 worms (D:2)
  2 giant cockroaches (D:1)
  2 goblins (D:1)
  2 hobgoblins (D:1)
  3 jackals (D:1)
  A ball python (D:1)
  4 bats
  3 giant newts
  9 kobolds
  7 rats
37 creatures vanquished.

Notes
Turn   | Place    | Note
--------------------------------------------------------------
     0 | D:1      | Maka the Draconian Transmuter began the quest for the Orb.
     0 | D:1      | Reached XP level 1. HP: 16/16 MP: 3/3
   345 | D:1      | Reached XP level 2. HP: 15/23 MP: 5/5
   620 | D:1      | Learned a level 2 spell: Sticks to Snakes
   644 | D:1      | Reached skill level 4 in Unarmed Combat
   780 | D:1      | Reached XP level 3. HP: 19/28 MP: 6/6
  1442 | D:2      | Noticed Natasha
  1606 | D:2      | Slain by Natasha

Vault maps used:
D:1:      dpeg_arrival_radiant
D:2:      minmay_kobold_bridge, uniq_natasha

Action                   || total
-------------------------++-------
Melee: Unarmed           ||   167
 Cast: Beastly Appendage ||     8
  Eat: Chunk             ||     2
